 Dungeon Crawl Stone Soup version 0.30-a0-154-gb106f4c828 (webtiles) character file.

Game seed: 13986905954978801180

1756 DungeonDestroyer the Shield-Bearer (level 9, -2/73 HPs)
             Began as a Gnoll Fighter on June 25, 2022.
             Was a Follower of Dithmenos.
             Slain by a killer bee (3 damage)
             ... on level 7 of the Dungeon on Sept 27, 2022.
             The game lasted 00:16:04 (6949 turns).

DungeonDestroyer the Shield-Bearer (Gnoll Fighter)  Turns: 6949, Time: 00:16:05

Health: -2/73      AC: 12    Str: 16    XL:     9   Next: 6%
Magic:  13/13      EV:  8    Int:  8    God:    Dithmenos [*.....]
Gold:   334        SH:  7    Dex: 15    Spells: 16/16 levels left

rFire   . . .      SeeInvis .    g - +2 falchion (holy)
rCold   . . .      Faith    .    c - +1 buckler
rNeg    . . .      Spirit   .    h - +0 chain mail
rPois   .          Reflect  .    (helmet restricted)
rElec   .          Harm     .    (no cloak)
rCorr   .          Rampage  .    (no gloves)
Will    +....                    i - +0 pair of boots
Stlth   ..........               (no amulet)
HPRegen 0.22/turn                (no ring)
MPRegen 0.13/turn                (no ring)

@: mighty, lethally poisoned (-2 -> -6), wreathed by umbra
A: fangs 1, strong nose, distributed training, antennae 1, low MP 1,
strong-willed 1
a: Renounce Religion


You were on level 7 of the Dungeon.
You worshipped Dithmenos.
Dithmenos was aware of your devotion.
You visited 2 branches of the dungeon, and saw 8 of its levels.

You collected 334 gold pieces.

Inventory:

Hand Weapons
 a - a +0 long sword
 b - the +3 woodcutter's axe {vorpal}
   (You found it on level 3 of the Dungeon)

   It inflicts extra damage upon your enemies.
 g - a +2 falchion of holy wrath (weapon)
Missiles
 e - 46 stones (quivered)
 f - 14 poisoned darts
 q - a boomerang
Armour
 c - a +1 buckler (worn)
 h - a +0 chain mail (worn)
 i - a +0 pair of boots (worn)
Wands
 o - a wand of flame (9)
Scrolls
 k - a scroll of butterflies
 n - 2 scrolls of amnesia
 r - 4 scrolls of identify
Potions
 l - 2 potions of mutation
 m - a potion of brilliance


   Skills:
 + Level 7.7 Fighting
 + Level 4.0 Short Blades
 + Level 6.1 Long Blades
 + Level 4.0 Axes
 + Level 4.0 Maces & Flails
 + Level 4.0 Polearms
 + Level 4.0 Staves
 + Level 4.0 Ranged Weapons
 + Level 4.0 Throwing
 + Level 7.7 Armour
 + Level 4.0 Dodging
 + Level 4.0 Stealth
 + Level 7.7 Shields
 + Level 4.0 Unarmed Combat
 + Level 4.0 Spellcasting
 + Level 3.3 Conjurations
 + Level 3.3 Hexes
 + Level 3.3 Summonings
 + Level 3.3 Necromancy
 + Level 3.3 Translocations
 + Level 3.3 Transmutations
 + Level 3.3 Fire Magic
 + Level 3.3 Ice Magic
 + Level 3.3 Air Magic
 + Level 3.3 Earth Magic
 + Level 3.3 Poison Magic
 + Level 4.4 Invocations
 + Level 4.0 Evocations


You had 16 spell levels left.
You didn't know any spells.
Your spell library contained the following spells:

 Spells                   Type           Power      Damage    Failure   Level
 Beastly Appendage        Tmut           12%        N/A       77%         1
 Slow                     Hex            24%        N/A       77%         1
 Blink                    Tloc           12%        N/A       88%         2
 Cigotuvi's Dreadful Rot  Necr/Pois/Air  12%        N/A       88%         2
 Wereblood                Tmut           6%         N/A       88%         2
 Confusing Touch          Hex            6%         N/A       98%         3
 Lesser Beckoning         Tloc           6%         N/A       98%         3
 Ozocubu's Armour         Ice            6%         N/A       98%         3
 Spider Form              Tmut/Pois      6%         N/A       98%         3
 Vampiric Draining        Necr           6%         2d6       98%         3
 Dispel Undead            Necr           6%         3d8       100%        4
 Manifold Assault         Tloc           6%         N/A       100%        4
 Death Channel            Necr           3%         N/A       100%        6
 Ozocubu's Refrigeration  Ice            3%         4d8       100%        7


Dungeon Overview and Level Annotations

Branches:
Dungeon (7/15)             Temple (1/1) D:6

Altars:
Ashenzari
Dithmenos
Elyvilon
Gozag
Hepliaklqana
Kikubaaqudgha
Nemelex Xobeh
Qazlal
Ru
Sif Muna
Trog
Uskayaw
Vehumet
Wu Jian
Xom
Yredelemnul
The Shining One

Annotations:
D:5 3 runed translucent doors, leebro123's ghost, novice HuGl


Innate Abilities, Weirdness & Mutations

You have very sharp teeth.
Your uncanny sense of smell can sniff out nearby items.
Your experience applies equally to all skills.
You have a pair of small antennae on your head.
Your magical capacity is low. (-10% MP)
You are strong-willed. (Will+)


Message History

The killer bee is heavily wounded.
The killer bee stings you but does no damage. x2
Unknown command.
You slash the killer bee!
You kill the killer bee!
Dithmenos accepts your kill. You block the killer bee's attack.
Unknown command.
You closely miss the killer bee. The killer bee stings you.
* * * LOW HITPOINT WARNING * * *
You are poisoned.
The killer bee poisons you! The killer bee completely misses you.
Unknown command.
Unknown command.
You feel very mighty all of a sudden.
You feel sick. The killer bee stings you.
* * * LOW HITPOINT WARNING * * *
You are lethally poisoned!
The killer bee poisons you! You block the killer bee's attack.
Unknown command.
You miss the killer bee. You bite the killer bee.
The killer bee is moderately wounded.
* * * LOW HITPOINT WARNING * * *
You feel very sick.
The killer bee stings you but does no damage.
You block the killer bee's attack.
Unknown command.
You closely miss the killer bee.
The killer bee is moderately wounded.
* * * LOW HITPOINT WARNING * * *
You feel sick. The killer bee closely misses you.
The killer bee barely misses you. You block the killer bee's attack.
Unknown command.
You closely miss the killer bee.
The killer bee is moderately wounded.
* * * LOW HITPOINT WARNING * * *
You feel sick.
The killer bee stings you but does no damage.
The killer bee stings you.
You die...

... #.. #... ### #...
..# ∆ #...##.# ∆
#......# #....# #####
## #@# ....##..#
##y###### ........#
#.yy....# ....# .#
#.......# #.#### .#
#.......# #....##.##
#.......#
####>....######.......#
######.......##.......#
........####.#........#


You could see 3 killer bees.

Vanquished Creatures
  Grinder (D:4)
  Prince Ribbit (D:5)
  Eustachio (D:5)
  A black bear (D:5)
  A kobold brigand (D:6)
  Blork the orc (D:5)
  A bullfrog (D:7)
  4 scorpions
  A necrophage (D:4)
  2 killer bees (D:7)
  2 jellies
  2 hounds (D:6)
  2 orc priests
  4 orc wizards
  3 iguanas
  4 gnolls (D:7)
  5 adders
  2 white imps
  2 worms
  4 dart slugs
  22 orcs
  4 ball pythons
  2 endoplasms
  7 giant cockroaches
  8 goblins
  4 hobgoblins
  2 quokkas
  7 bats
  6 frilled lizards
  2 goblin skeletons (D:7)
  3 goblin zombies (D:7)
  3 hobgoblin zombies (D:7)
  9 kobolds
  A kobold zombie (D:7)
  An orc zombie (D:7)
  3 rats
128 creatures vanquished.

Vanquished Creatures (others)
  A quokka (D:3)
  2 fungi (D:5)
  16 plants
19 creatures vanquished.

Grand Total: 147 creatures vanquished

Notes
Turn   | Place    | Note
-------+----------+-------------------------------------------
     0 | D:1      | DungeonDestroyer the Gnoll Fighter began the quest for the
                  | Orb.
     0 | D:1      | Reached XP level 1. HP: 23/23 MP: 1/1
   211 | D:1      | Reached XP level 2. HP: 26/29 MP: 2/2
   681 | D:1      | Reached XP level 3. HP: 33/35 MP: 3/3
   919 | D:2      | Found a hazy altar of Hepliaklqana.
   973 | D:2      | Gained mutation: You are partially covered in iridescent
                  | scales. (AC +2) [potion of mutation]
   973 | D:2      | Gained mutation: Your mind is acute. (Int +4, Str/Dex -1)
                  | [potion of mutation]
   973 | D:2      | Gained mutation: You have a pair of small antennae on your
                  | head. [potion of mutation]
  1063 | D:2      | Reached skill level 1 in Invocations
  1063 | D:2      | Upgraded the game from 0.29-a0-716-gf28ee254f9 to
                  | 0.30-a0-154-gb106f4c828
  1087 | D:2      | Reached skill level 1 in Short Blades
  1087 | D:2      | Reached skill level 1 in Axes
  1087 | D:2      | Reached skill level 1 in Maces & Flails
  1087 | D:2      | Reached skill level 1 in Polearms
  1087 | D:2      | Reached skill level 1 in Staves
  1087 | D:2      | Reached skill level 1 in Ranged Weapons
  1087 | D:2      | Reached skill level 1 in Throwing
  1087 | D:2      | Reached skill level 1 in Dodging
  1087 | D:2      | Reached skill level 1 in Stealth
  1087 | D:2      | Reached skill level 1 in Unarmed Combat
  1087 | D:2      | Reached skill level 1 in Spellcasting
  1087 | D:2      | Reached skill level 1 in Evocations
  1473 | D:3      | Reached XP level 4. HP: 39/41 MP: 5/5
  1586 | D:3      | Found a white marble altar of Elyvilon.
  1647 | D:3      | Reached skill level 1 in Conjurations
  1647 | D:3      | Reached skill level 1 in Hexes
  1647 | D:3      | Reached skill level 1 in Summonings
  1647 | D:3      | Reached skill level 1 in Necromancy
  1647 | D:3      | Reached skill level 1 in Translocations
  1647 | D:3      | Reached skill level 1 in Transmutations
  1647 | D:3      | Reached skill level 1 in Fire Magic
  1647 | D:3      | Reached skill level 1 in Ice Magic
  1647 | D:3      | Reached skill level 1 in Air Magic
  1647 | D:3      | Reached skill level 1 in Earth Magic
  1647 | D:3      | Reached skill level 1 in Poison Magic
  1715 | D:3      | Found the +3 woodcutter's axe {vorpal}
  1945 | D:3      | Found a shimmering altar of Xom.
  1947 | D:3      | Identified the +1 scale mail "Zoxeejuehi" {Will++ Dex+4
                  | Slay-6}
  2093 | D:4      | Reached XP level 5. HP: 34/47 MP: 7/7
  2336 | D:4      | Noticed Grinder
  2345 | D:4      | Paralysed by Grinder for 3 turns
  2353 | D:4      | Killed Grinder
  2354 | D:4      | Reached skill level 5 in Long Blades
  2354 | D:4      | Reached XP level 6. HP: 47/53 MP: 7/9
  2762 | D:4      | Reached XP level 7. HP: 46/60 MP: 10/10
  2925 | D:4      | Found a hide-covered altar of Uskayaw.
  3326 | D:5      | Entered Level 5 of the Dungeon
  3462 | D:5      | Noticed Eustachio
  3462 | D:5      | Noticed Prince Ribbit
  3488 | D:5      | Killed Prince Ribbit
  3502 | D:5      | HP: 1/60 [Eustachio/+0 rapier (5)]
  3508 | D:5      | HP: 1/60 [river rat[Eustachio] (1)]
  3516 | D:6      | Found a staircase to the Ecumenical Temple.
  3522 | Temple   | Entered the Ecumenical Temple
  3998 | Temple   | Became a worshipper of Dithmenos the Shadowed
  4045 | D:5      | Found a sacrificial altar of Ru.
  4290 | D:5      | Noticed Blork the orc
  4308 | D:5      | Killed Blork the orc
  4528 | D:5      | Reached XP level 8. HP: 37/67 MP: 12/12
  4992 | D:5      | Found a runed translucent gate.
  4992 | D:5      | Found a runed translucent gate.
  4992 | D:5      | Found a runed translucent gate.
  5050 | D:5      | Noticed leebro123's ghost (novice HuGl)
  5145 | D:5      | Killed Eustachio
  5362 | D:6      | Found a sparkling altar of Nemelex Xobeh.
  6004 | D:6      | Reached * piety under Dithmenos
  6604 | D:6      | Lost mutation: You are partially covered in iridescent
                  | scales. (AC +2) [potion of mutation]
  6604 | D:6      | Lost mutation: Your mind is acute. (Int +4, Str/Dex -1)
                  | [potion of mutation]
  6604 | D:6      | Gained mutation: Your magical capacity is low. (-10% MP)
                  | [potion of mutation]
  6604 | D:6      | Gained mutation: You are strong-willed. (Will+) [potion of
                  | mutation]
  6851 | D:7      | Found a glowing golden altar of the Shining One.
  6857 | D:7      | Reached XP level 9. HP: 64/73 MP: 13/13
  6948 | D:7      | HP: 3/73 [poisoned by a killer bee]
  6949 | D:7      | HP: 1/73 [poisoned by a killer bee]
  6949 | D:7      | Slain by a killer bee

Illustrated notes

Levels and vault maps discovered:
D:1:      tarquinn_simple_flora_water_a, layout_loops_ring, serial_bayou,
          serial_bayou_lagoon_a, serial_bayou_crossing, serial_bayou_pond_b,
          serial_bayou_shore_b, serial_bayou_pond_d, minmay_stone_trees_small
D:2:      layout_rooms, basic_altar
D:3:      layout_rooms, elyvilon_altar_4, mainiacjoe_overflow_tiny_flanked,
          minmay_misc_feat_enclosed
D:4:      wad_lake_hut, layout_loops_ring, mainiacjoe_overflow_chevrons,
          hangedman_abyss_or_decor_passed, uniq_grinder
D:5:      layout_basic, nicolae_ru_awakened_eye, gammafunk_ghost_nasty_kobolds,
          uniq_eustachio, uniq_prince_ribbit1, uniq_blork_the_orc
D:6:      layout_gridville, overflow_temple_1_default,
          minmay_temple_entry_statues_pillars
D:7:      layout_rooms, nicolae_tso_besieged_by_evil,
          gammafunk_temple_overflow_pools
Temple:   grunt_temple_mini_profane

Skill      XL: |  1  2  3  4  5  6  7  8  9 |
---------------+----------------------------+-----
Invocations    | 1 2 3 4 |  4.4
Short Blades   | 1 2 3 4 |  4.0
Axes           | 1 2 3 4 |  4.0
Maces & Flails | 1 2 3 4 |  4.0
Polearms       | 1 2 3 4 |  4.0
Staves         | 1 2 3 4 |  4.0
Ranged Weapons | 1 2 3 4 |  4.0
Throwing       | 1 2 3 4 |  4.0
Dodging        | 1 2 3 4 |  4.0
Stealth        | 1 2 3 4 |  4.0
Unarmed Combat | 1 2 3 4 |  4.0
Spellcasting   | 1 2 3 4 |  4.0
Evocations     | 1 2 3 4 |  4.0
Conjurations   | 1 2 3 |  3.3
Hexes          | 1 2 3 |  3.3
Summonings     | 1 2 3 |  3.3
Necromancy     | 1 2 3 |  3.3
Translocations | 1 2 3 |  3.3
Transmutations | 1 2 3 |  3.3
Fire Magic     | 1 2 3 |  3.3
Ice Magic      | 1 2 3 |  3.3
Air Magic      | 1 2 3 |  3.3
Earth Magic    | 1 2 3 |  3.3
Poison Magic   | 1 2 3 |  3.3
Long Blades    | 5 6 |  6.1
Fighting       | 7 |  7.7
Armour         | 7 |  7.7
Shields        | 7 |  7.7

Action                   |  1- 3 |  4- 6 |  7- 9 || total
-------------------------+-------+-------+-------++-------
Melee: Long sword        |   113 |    45 |       ||   158
       Bite              |     8 |    13 |    39 ||    60
       Falchion          |       |    60 |   353 ||   413
  Use: Scroll            |     4 |     2 |     3 ||     9
       Potion            |     3 |     2 |     8 ||    13
Armor: Scale mail        |    62 |    27 |       ||    89
       Chain mail        |       |    27 |   268 ||   295
Dodge: Dodged            |    49 |    43 |   148 ||   240
Block: Buckler           |    30 |    33 |   123 ||   186

Table legend: (Time is in decaauts)
 A = Elapsed time spent in this place.
 B = Non-inter-level travel time spent in this place.
 C = Inter-level travel time spent in this place.
 D = Time resting spent in this place.
 E = Time spent auto-exploring this place.
 F = Levels seen in this place.
 G = Mean time per level.
                   A        B        C        D        E       F      G
               +--------+--------+--------+--------+--------+-----+--------+
         Total |   7038 |   6738 |    300 |    698 |   4789 |   8 |  879.8 |
       Dungeon |   6283 |   6021 |    262 |    172 |   4617 |   7 |  897.6 |
        Temple |    754 |    716 |     38 |    526 |    172 |   1 |  754.0 |
               +--------+--------+--------+--------+--------+-----+--------+

Top non-repeatable levels by time:
     D:5: 1530 daAuts
     D:4: 1312 daAuts
     D:6: 1042 daAuts
     D:1: 928 daAuts
  Temple: 754 daAuts
     D:3: 593 daAuts
     D:2: 564 daAuts
     D:7: 312 daAuts
